 Dungeon Crawl Stone Soup version 0.18-a0-5-gf1fb587 (webtiles) character file.

132 Raultor the Insei (level 5, -1/27 HPs)
             Began as a Vine Stalker Monk on Oct 31, 2015.
             Was a Believer of Qazlal.
             Slain by an ogre
             ... wielding a +0 giant club
              (3 damage)
             ... on level 3 of the Dungeon.
             The game lasted 00:04:44 (1104 turns).

Raultor the Insei (Vine Stalker Monk)               Turns: 1104, Time: 00:04:44

Health: -1/27      AC:  2    Str: 14    XL:     5   Next: 15%
Magic:  0/6        EV: 13    Int: 10    God:    Qazlal [**....]
Gold:   97         SH:  2    Dex: 17    Spells: 0 memorised, 4 levels left

rFire  . . .     SeeInvis .       - Unarmed
rCold  . . .     Clarity  .     a - +0 robe
rNeg   + . .     SustAt   .     (no shield)
rPois  .         Gourm    .     (no helmet)
rElec  .         Spirit   +     (no cloak)
rCorr  .         Warding  .     (no gloves)
rMut   .         Stasis   .     (no boots)
MR     .....                    (no amulet)
Stlth  ++........               (no ring)
                                c - ring of positive energy

@: lethally poisoned (-1 -> -1), not resistant to hostile enchantments,
unstealthy
A: fangs 2, regeneration 1, magic shield, antimagic bite, no device heal 3, rot
immunity
a: Upheaval, Renounce Religion


You were on level 3 of the Dungeon.
You worshipped Qazlal.
Qazlal was pleased with you.
You were not hungry.

You visited 1 branch of the dungeon, and saw 3 of its levels.

You collected 97 gold pieces.

Inventory:

Armour
 a - a +0 robe (worn)
 p - a +0 leather armour
Jewellery
 c - a ring of positive energy (left hand)
Scrolls
 d - 2 scrolls of remove curse {unknown}
 e - a scroll of magic mapping {unknown}
 i - 3 scrolls of identify {unknown}
 m - 2 scrolls of amnesia {unknown}
 n - a scroll of teleportation {unknown}
Potions
 g - a potion of brilliance {unknown}
 h - a potion of cancellation {unknown}
 j - 4 potions of curing {unknown}
 l - 2 potions of degeneration {unknown}
 o - a potion of poison {unknown}
 q - a potion of flight {unknown}
Comestibles
 b - 3 bread rations
 f - 3 chunks of flesh
 k - 3 meat rations


   Skills:
 - Level 2.6 Fighting
 - Level 2.4 Dodging
 - Level 2.4 Stealth
 + Level 6.3 Unarmed Combat


You had 4 spell levels left.
You didn't know any spells.

Dungeon Overview and Level Annotations

Branches:
Dungeon (3/15)

Altars:
Qazlal


Innate Abilities, Weirdness & Mutations

You have extremely sharp teeth.
Your natural rate of healing is unusually fast.
When hurt, damage is shared between your health and your magic reserves.
Your bite disrupts and absorbs the magic of your enemies.
Potions and wands cannot restore your health.
You are immune to rotting.


Message History

The kobold shoots a poisoned needle.
The poisoned needle hits you!
You are poisoned.
You see here a poisoned needle.
You feel sick.
The kobold shoots a poisoned needle.
The poisoned needle closely misses you.
You feel sick.
You see here 2 poisoned needles.
You feel sick. The orc misses you.
An ogre comes into view. It is wielding a giant club.
You feel sick.
You feel sick.
The ogre shouts!
A goblin comes into view. It is wielding a dagger.
You feel sick.
The goblin shouts!
A kobold comes into view.
The kobold shouts!
The ogre hits you with a giant club!
You die...

###.#.## .......#
##....# .##.#.## #
#..... .##.#.##
#....... # .....#.##
#.....g .#
.##.###.###.#.#...###.#
.#.## ##...##....#....#
.##.###.###.#..K.#...
.###.#.#####.# #@#.#
.####.#.....# #.O.#
.....##.....# ##o.# #
####.##.....# ##K#.#
#.##.....##.###.#.#
##.##.....##.......#
#..####.########.###
#.## #.## #r# #.#
#..#######(#


You could see an ogre, an orc, a goblin and 2 kobolds.

Vanquished Creatures
  Jessica (D:3)
  An orc priest (D:3)
  An adder (D:3)
  An ooze (D:1)
  3 worms
  3 giant geckos
  5 orcs (D:3)
  A ball python (D:2)
  5 bats
  A giant cockroach (D:3)
  5 goblins
  7 hobgoblins
  A jackal (D:1)
  6 kobolds
  A quokka (D:2)
  6 giant newts
  2 rats
50 creatures vanquished.

Notes
Turn   | Place    | Note
--------------------------------------------------------------
     0 | D:1      | Raultor the Vine Stalker Monk began the quest for the Orb.
     0 | D:1      | Reached XP level 1. HP: 11/11 MP: 2/2
    86 | D:1      | Reached XP level 2. HP: 16/16 MP: 3/3
   486 | D:2      | Reached XP level 3. HP: 19/19 MP: 4/4
   541 | D:2      | Reached skill level 5 in Unarmed Combat
   791 | D:3      | Found a stormy altar of Qazlal.
   826 | D:3      | Reached XP level 4. HP: 6/23 MP: 5/5
   899 | D:3      | Noticed Jessica
   917 | D:3      | Killed Jessica
   917 | D:3      | Reached skill level 6 in Unarmed Combat
   962 | D:3      | Became a worshipper of Qazlal Stormbringer
   962 | D:3      | Reached * piety under Qazlal
   962 | D:3      | Reached ** piety under Qazlal
   997 | D:3      | Reached XP level 5. HP: 24/27 MP: 6/6
  1099 | D:3      | Noticed an ogre
  1104 | D:3      | Slain by an ogre

Vault maps used:
D:1:      scummos_arrival_star, st_stairs_8
D:2:      first_bread
D:3:      grunt_qazlal_sundering, hangedman_decor_peaks_small, uniq_jessica

Action                   |  1- 3 |  4- 6 || total
-------------------------+-------+-------++-------
Melee: Unarmed           |    92 |    53 ||   145
 Stab: Sleeping          |     5 |       ||     5
  Eat: Chunk             |       |     1 ||     1
